 Dungeon Crawl Stone Soup version 0.26-a0-540-g8a0c9464d7 (webtiles) character file.

Game seed: 4162327134356307606

37 sking99 the Ruffian (level 3, -2/29 HPs)
             Began as a Draconian Transmuter on Aug 17, 2020.
             Slain by a hobgoblin
             ... wielding a +0 club
             ... led by Robin
              (3 damage)
             ... on level 1 of the Dungeon.
             The game lasted 00:01:52 (1572 turns).

sking99 the Ruffian (Draconian Transmuter)          Turns: 1572, Time: 00:01:53

Health: -2/29      AC:  5    Str: 13    XL:     3   Next: 23%
Magic:  6/6        EV: 12    Int: 13    God:
Gold:   69         SH:  0    Dex: 11    Spells: 3/6 levels left

rFire    . . .     SeeInvis .     - Unarmed
rCold    . . .     Faith    .   (no shield)
rNeg     . . .     Spirit   .   (armour unavailable)
rPois    .         Reflect  .   (helmet restricted)
rElec    .         Harm     .   (no cloak)
rCorr    .                      (no gloves)
MR       .....                  (no boots)
Stlth    +.........             (no amulet)
HPRegen  0.09/turn              (no ring)
MPRegen  0.10/turn              (no ring)

@: no status effects
A: unfitting armour, cold-blooded, AC +5
a: no special abilities


You were on level 1 of the Dungeon.
You visited 1 branch of the dungeon, and saw 2 of its levels.

You collected 69 gold pieces.

Inventory:

Jewellery
 g - an uncursed ring of ice
Scrolls
 a - 3 scrolls of teleportation {unknown}
 b - a scroll of magic mapping {unknown}
 d - a scroll of remove curse {unknown}
 i - a scroll of immolation {unknown}
Potions
 c - 2 potions of curing {unknown}
 e - 2 potions of cancellation {unknown}
 f - a potion of lignification {unknown}
 h - a potion of haste {unknown}
 j - a potion of flight {unknown}
 k - a potion of berserk rage {unknown}


   Skills:
 + Level 1.8 Fighting
 + Level 2.2 Dodging
 * Level 3.7 Unarmed Combat
 - Level 2.0 Spellcasting
 + Level 2.1 Transmutations


You had 3 spell levels left.
You knew the following spells:

 Your Spells              Type           Power        Failure   Level
a - Beastly Appendage     Tmut           #.....       11%         1
b - Wereblood             Tmut           #.......     16%         2

Your spell library contained the following spells:

 Spells                   Type           Power        Failure   Level
 Spider Form              Tmut/Pois      #.........   45%         3
 Ice Form                 Ice/Tmut       #.......     86%         4
 Blade Hands              Tmut           #.........   96%         5


Dungeon Overview and Level Annotations

Branches:
Dungeon (2/15)

Altars:


Innate Abilities, Weirdness & Mutations

Your plain brown scales are hard. (AC +5)
You cannot fit into any form of body armour.
You are cold-blooded and may be slowed by cold attacks.


Message History

Robin is almost dead.
The hobgoblin barely misses you. Robin hits you with a +0 mace.
* * * LOW HITPOINT WARNING * * *
You hit Robin.
You kill Robin!
You have reached level 3!
Your experience leads to an increase in your attributes!
Increase (S)trength, (I)ntelligence, or (D)exterity?
You feel stronger.
Your scales feel tougher.
The hobgoblin barely misses you.
You closely miss the hobgoblin.
The hobgoblin hits you but does no damage.
You hit the hobgoblin.
The hobgoblin is moderately wounded.
The hobgoblin hits you with a +0 club.
* * * LOW HITPOINT WARNING * * *
You barely miss the hobgoblin.
The hobgoblin is moderately wounded.
The hobgoblin hits you with a +0 club.
You die...

.....# #.##.#...............
.....########+##.#...............
.....#...........#.........######
.....#...........#.........######
.................#...............
.....#...........#..........#####
.......#.#####...#..........#
....(#.#.# ####.)#..........#####
.....#.#.# #....@....####........
####.#.#.# #.(.g.....# #....÷...
.†...#.#.# #.........# #........
######.#.# #........^# #........
.......#.###.........## #........
.#######.##...........# #........
.......#.##...........# #........
.#####.#.##...........# #........
.# #.#.##...........# #........


You could see a hobgoblin (strong).

Vanquished Creatures
  Robin (D:1)
  2 leopard geckos (D:1)
  A goblin (D:1)
  4 hobgoblins (D:1)
  3 jackals (D:1)
  3 kobolds (D:1)
  5 bats (D:1)
  A frilled lizard (D:1)
  4 rats (D:1)
24 creatures vanquished.

Notes
Turn   | Place    | Note
-------+----------+-------------------------------------------
     0 | D:1      | sking99 the Draconian Transmuter began the quest for the
                  | Orb.
     0 | D:1      | Reached XP level 1. HP: 16/16 MP: 3/3
     3 | D:1      | Noticed an electric eel
     3 | D:1      | Noticed an electric eel
   339 | D:1      | Reached XP level 2. HP: 17/23 MP: 5/5
   976 | D:1      | Learned a level 2 spell: Wereblood
  1555 | D:2      | Noticed Robin
  1569 | D:1      | Killed Robin
  1569 | D:1      | Reached XP level 3. HP: 3/29 MP: 6/6
  1571 | D:1      | HP: 1/29 [hobgoblin/+0 club[Robin] (2)]
  1572 | D:1      | Slain by a hobgoblin

Illustrated notes

Levels and vault maps discovered:
D:1:      arrival_aquarium_b, layout_basic, minmay_tall_x
D:2:      layout_loops_ring, chequers_temple_overflow_minitemple,
          zin_scriptorium, uniq_robin, uniq_terence

Skill      XL: |  1 |
---------------+----+-----
Dodging        | 2 |  2.2
Fighting       | |  1.8
Unarmed Combat | |  3.7
Spellcasting   | |  2.0
Transmutations | |  2.1

Action                   || total
-------------------------++-------
Melee: Unarmed           ||   113
       Tailslap          ||     9
       Kick              ||     2
       Punch             ||     1
 Cast: Beastly Appendage ||     1
 Stab: Sleeping          ||     1
Armor: Skin              ||    32
Dodge: Dodged            ||    79

Table legend: (Time is in decaauts)
 A = Elapsed time spent in this place.
 B = Non-inter-level travel time spent in this place.
 C = Inter-level travel time spent in this place.
 D = Time resting spent in this place.
 E = Time spent auto-exploring this place.
 F = Levels seen in this place.
 G = Mean time per level.
                   A        B        C        D        E       F      G
               +--------+--------+--------+--------+--------+-----+--------+
         Total |   1566 |   1512 |     54 |    624 |    681 |   2 |  783.0 |
       Dungeon |   1566 |   1512 |     54 |    624 |    681 |   2 |  783.0 |
               +--------+--------+--------+--------+--------+-----+--------+

Top non-repeatable levels by time:
     D:1: 1557 daAuts
     D:2: 8 daAuts
